 Dungeon Crawl Stone Soup version 0.32-a0-886-g41c5271027 (webtiles) character file.

Game seed: 3333525024251999217

5866 GrimJard the Spear-Bearer (level 10, -8/80 HPs)
             Began as a Merfolk Fighter on Apr 2, 2024.
             Was a Priest of Beogh.
             Mangled by Horkud the orc apostle
             ... wielding the +10 great sword of Woe {freeze, Will+ Dex+3 SInv}
              (14 damage)
             ... on level 9 of the Dungeon.
             The game lasted 00:26:05 (9823 turns).

GrimJard the Spear-Bearer (Merfolk Fighter)         Turns: 9823, Time: 00:26:06

Health: -8/80      AC: 17    Str: 22    XL:     10   Next: 81%
Magic:  14/14      EV:  7    Int:  7    God:    Beogh [***...]
Gold:   139        SH:  4    Dex: 13    Spells: 9/9 levels left

rFire   . . .        a - +3 trident (flame)
rCold   . . .        c - +0 buckler
rNeg    . . .        z - +0 chain mail
rPois   .            (no helmet)
rElec   .            i - +1 cloak
rCorr   +            (no gloves)
SInv    +            m - +0 pair of boots of the Leaf {rCorr}
Will    .....        (no amulet) Stlth
                     n - +4 ring of protection
HPRegen 0.33/turn    t - ring of see invisible
MPRegen 0.14/turn

%: no passive effects
@: no status effects
A: (nimble swimmer 2), mertail
a: Renounce Religion, Smiting


You were on level 9 of the Dungeon.
You worshipped Beogh.
Beogh was most pleased with you.
You visited 2 branches of the dungeon, and saw 10 of its levels.
You also visited: Sewer.

You collected 611 gold pieces.
You spent 472 gold pieces at shops.

Inventory:

Hand Weapons
 a - a +3 trident of flaming (weapon)
Missiles
 p - 82 stones
 q - 3 silver javelins (quivered)
 x - 42 poisoned darts
 F - 6 javelins
Armour
 c - a +0 buckler (worn)
 i - a +1 cloak (worn)
 m - the +0 pair of boots of the Leaf (worn) {rCorr}
   (You found it on level 2 of the Dungeon)

   rCorr:     It protects you from acid and corrosion.
 z - a +0 chain mail (worn)
 C - a +0 plate armour
Jewellery
 n - a +4 ring of protection (left hand)
 t - a ring of see invisible (right hand)
 v - a +6 ring of intelligence
Wands
 k - a wand of paralysis (8)
 s - a wand of polymorph (1)
 y - a wand of flame (14)
 B - a wand of quicksilver (16)
Scrolls
 j - 4 scrolls of fog
 o - 4 scrolls of teleportation
 w - 2 scrolls of vulnerability
 E - a scroll of immolation
 G - a scroll of poison
 I - a scroll of brand weapon {unknown}
 J - a scroll of revelation {unknown}
Potions
 b - 2 potions of mutation
 d - 2 potions of might
 e - 3 potions of lignification
 f - 2 potions of enlightenment
 h - a potion of brilliance
 l - 6 potions of haste
 r - 2 potions of magic
 u - 7 potions of degeneration
 A - 3 potions of curing
 D - 3 potions of attraction


   Skills:
 + Level 8.0 Fighting
 + Level 10.6 Polearms
 + Level 6.6 Throwing
 + Level 5.6 Armour
 - Level 3.0 Shields
 + Level 5.7 Invocations
 - Level 5.0 Evocations


You had 9 spell levels left.
You didn't know any spells.
Your spell library contained the following spells:

 Spells                   Type           Power      Damage    Failure   Level
 Sting                    Conj/Alch      0%         1d3       98%         1
 Ensorcelled Hibernation  Hex/Ice        0%         N/A       99%         2
 Mercury Vapours          Alch/Air       0%         N/A       99%         2
 Static Discharge         Conj/Air       0%         3-3/arc   99%         2
 Fugue of the Fallen      Necr           0%         N/A       100%        3
 Volatile Blastmotes      Fire/Tloc      0%         2d10      100%        3
 Airstrike                Air            0%         2d(0-16)  100%        4
 Anguish                  Hex/Necr       0%         N/A       100%        4
 Fulminant Prism          Conj/Alch      0%         3d5       100%        4
 Iskenderun's Mystic Bla Conj/Tloc 0%             2d3        (+2d1     100%        4
 Olgreb's Toxic Radiance  Alch           0%         N/A       100%        4
 Summon Lightning Spire   Summ/Air       0%         N/A       100%        4


Dungeon Overview and Level Annotations

Branches:
Dungeon (9/15)             Temple (1/1) D:6           Sewer (visited)
   Lair: D:8-11         Orc: D:9-12

Altars:
Ashenzari
Cheibriados
Dithmenos
Elyvilon
Fedhas
Gozag
Hepliaklqana
Kikubaaqudgha
Makhleb
Nemelex Xobeh
Okawaru
Qazlal
Ru
Sif Muna
Trog
Uskayaw
Vehumet
Wu Jian
Xom
Yredelemnul
Zin
The Shining One

Shops:
D:2 *   D:3 !   D:7 :[??

Annotations:
D:8 2 transporters


Innate Abilities, Weirdness & Mutations

Your facial features look somewhat orcish.
((You are very nimble when in or above water. (Stealth+, EV+, Speed+++)))
Your lower body shifts to a powerful aquatic tail in water.


Message History

You hit Horkud but do no damage.
Horkud is lightly wounded.
Horkud hits you with the +10 great sword of Woe!
Horkud freezes you.
You feel much better.
Horkud hits you with the +10 great sword of Woe!!
Horkud freezes you!
You hit Horkud but do no damage.
Horkud is lightly wounded.
Horkud hits you with the +10 great sword of Woe!!
* * * LOW HITPOINT WARNING * * *
Horkud freezes you.
* * * LOW HITPOINT WARNING * * *
Okay, then.
You feel much better.
Horkud hits you with the +10 great sword of Woe!!
* * * LOW HITPOINT WARNING * * *
Horkud freezes you.
* * * LOW HITPOINT WARNING * * *
Okay, then.
Okay, then.
Aiming: Paralyse
Press: ? - help, Shift-Dir - straight line, f/p - Horkud
Aim: Horkud the orc apostle, wielding the +10 great sword of Woe {freeze, Will+ Dex+3 SInv} and wearing a +4 scale mail (empowered by the touch of Beogh, chance to affect: 26%) Horkud easily resists.
Horkud hits you with the +10 great sword of Woe.
* * * LOW HITPOINT WARNING * * *
Horkud freezes you.
* * * LOW HITPOINT WARNING * * *
Aiming: Polymorph
Press: ? - help, Shift-Dir - straight line, f/p - Horkud
Aim: Horkud the orc apostle, wielding the +10 great sword of Woe {freeze, Will+ Dex+3 SInv} and wearing a +4 scale mail (empowered by the touch of Beogh, not susceptible)
Okay, then.
Unknown command.
As you read the scroll labelled MIQENN CYUDE, it crumbles to dust.
It is a scroll of enchant weapon.
Your +2 trident of flaming glows red for a moment.
Horkud hits you with the +10 great sword of Woe!
You die...
Beogh appreciates Horkud's killing of a heretic priest.

######### #.......#
#.......# #.......####
##### ####
#.....@o...###...##...#
#.......##.............
........#######...........
..#..###.. ####...........
.....#####. ...............
#......########............
#### ###..#...
####.#...##....
...#####.....##
....<...####..#
...#..........##
##.........)...


You could see Horkud the orc apostle (divinely empowered).

Vanquished Creatures
  A troll (D:9)
  A hornet (D:9)
  Sigmund (D:4)
  A wyvern (D:9)
  Menkaure (D:7)
  2 sky beasts
  Pargi (Sewer)
  A black bear (D:5)
  3 orc warriors
  An ogre (D:6)
  The ghost of FulminatorMage the Changeling, an amateur DrSh (D:3)
  A centaur (D:5)
  3 phantoms
  4 kobold brigands
  Blork the orc (D:4)
  A brain worm (Sewer)
  5 scorpions
  A gnoll sergeant (D:8)
  4 bullfrogs
  17 wights
  22 killer bees
  A howler monkey (D:4)
  2 bombardier beetles
  4 hounds
  5 orc priests
  Crazy Yiuf (D:6)
  A gnoll bouda (D:9)
  A jelly (D:6)
  4 sleepcaps
  An iguana (D:6)
  7 orc wizards
  17 gnolls
  14 adders
  A white imp (D:7)
  2 ufetubi (D:6)
  2 ribbon worms
  13 orcs
  8 endoplasms
  3 giant cockroaches
  8 goblins
  8 hobgoblins
  A jackal (D:1)
  6 quokkas
  9 ball pythons
  5 bats
  7 frilled lizards
  16 kobolds
  3 rats
223 creatures vanquished.

Vanquished Creatures (others)
  2 orc priests (D:8)
  An orc wizard (D:3)
  A shadow imp (D:8)
  8 orcs
12 creatures vanquished.

Grand Total: 235 creatures vanquished

Notes
Turn   | Place    | Note
-------+----------+-------------------------------------------
     0 | D:1      | GrimJard the Merfolk Fighter began the quest for the Orb.
     0 | D:1      | Reached XP level 1. HP: 18/18 MP: 1/1
    55 | D:1      | Reached skill level 3 in Polearms
   117 | D:1      | Reached XP level 2. HP: 24/24 MP: 2/2
   168 | D:1      | Reached skill level 4 in Polearms
   356 | D:1      | Reached XP level 3. HP: 29/29 MP: 3/3
   755 | D:2      | Identified the +0 pair of boots of the Leaf {rCorr}
   991 | D:2      | Reached skill level 5 in Polearms
  1234 | D:2      | Found Petran's Assorted Antiques.
  1421 | D:3      | Found Luudeong's Distillery.
  1428 | D:3      | Bought a potion of heal wounds for 70 gold pieces
  1530 | D:3      | Found a runed translucent door.
  1541 | D:3      | Noticed FulminatorMage's ghost (amateur DrSh)
  1575 | D:3      | Reached XP level 4. HP: 34/35 MP: 4/4
  1593 | D:3      | Reached skill level 6 in Polearms
  1707 | D:3      | Found a glowing drain.
  1732 | Sewer    | Entered a sewer
  1777 | Sewer    | Noticed Pargi
  1800 | Sewer    | Reached XP level 5. HP: 41/41 MP: 5/5
  1836 | Sewer    | Killed Pargi
  1837 | Sewer    | Reached skill level 1 in Throwing
  1837 | Sewer    | Reached skill level 1 in Evocations
  1847 | Sewer    | Reached XP level 6. HP: 33/48 MP: 4/6
  2138 | D:3      | Killed FulminatorMage's ghost
  2680 | D:4      | Reached XP level 7. HP: 44/54 MP: 7/7
  2876 | D:4      | Noticed Sigmund
  2891 | D:4      | Killed Sigmund
  2892 | D:4      | Reached skill level 7 in Polearms
  3173 | D:4      | Noticed Blork the orc
  3191 | D:4      | Killed Blork the orc
  3561 | D:4      | Found a hazy altar of Hepliaklqana.
  3561 | D:4      | Found a glowing silver altar of Zin.
  4219 | D:5      | Entered Level 5 of the Dungeon
  4273 | D:5      | Reached XP level 8. HP: 48/61 MP: 8/8
  4322 | D:5      | Became a worshipper of Beogh the Shepherd
  4405 | D:5      | Reached skill level 5 in Fighting
  4930 | D:5      | Reached skill level 8 in Polearms
  5189 | D:5      | Reached skill level 1 in Invocations
  5404 | D:2      | Bought a runed trident for 136 gold pieces
  5873 | D:6      | Reached XP level 9. HP: 60/69 MP: 10/10
  5925 | D:6      | Found a staircase to the Ecumenical Temple.
  5936 | Temple   | Entered the Ecumenical Temple
  6091 | D:6      | Found a runed translucent door.
  6092 | D:6      | Noticed Crazy Yiuf
  6473 | D:6      | Reached * piety under Beogh
  6743 | D:6      | Killed Crazy Yiuf
  6826 | D:7      | Found Ybeadetu's Book Emporium.
  6861 | D:7      | Reached skill level 9 in Polearms
  6869 | D:7      | Reached skill level 5 in Evocations
  6880 | D:7      | Reached skill level 5 in Throwing
  6975 | D:7      | Noticed Menkaure
  6985 | D:7      | Killed Menkaure
  7098 | D:7      | Found Gaivul's Magic Scroll Shop.
  7109 | D:7      | Bought a scroll of immolation for 48 gold pieces
  7109 | D:7      | Bought a scroll of teleportation for 36 gold pieces
  7109 | D:7      | Bought a scroll of identify for 24 gold pieces
  7109 | D:7      | Bought a scroll of identify for 24 gold pieces
  7109 | D:7      | Bought a scroll of fog for 48 gold pieces
  7109 | D:7      | Bought a scroll of identify for 24 gold pieces
  7109 | D:7      | Bought a scroll of teleportation for 36 gold pieces
  7341 | D:7      | Found Boisithri's Magic Scroll Emporium.
  7347 | D:7      | Bought a scroll of identify for 26 gold pieces
  7432 | D:7      | Found Nomodaf's Armour Boutique.
  7598 | D:7      | Found a shimmering blue altar of Sif Muna.
  7811 | D:8      | Reached XP level 10. HP: 75/79 MP: 13/13
  7837 | D:8      | Reached skill level 5 in Armour
  7904 | D:8      | Reached ** piety under Beogh
  8029 | D:8      | Found a transporter.
  8034 | D:8      | Found a transporter.
  8528 | D:8      | Noticed a kobold demonologist
  8667 | D:9      | Reached skill level 10 in Polearms
  8693 | D:9      | Paralysed by a hornet for 2 turns
  8699 | D:9      | Reached skill level 5 in Invocations
  9784 | D:9      | Reached *** piety under Beogh
  9808 | D:9      | Identified the +10 great sword of Woe {freeze, Will+ Dex+3
                  | SInv}
  9823 | D:9      | Mangled by Horkud the orc apostle

Illustrated notes

Levels and vault maps discovered:
D:1:      tarquinn_simple_flora_water_c, layout_rooms, minivault_14,
          st_stairs_1, feat_on_display
D:2:      layout_rooms, serial_shops, nicolae_shop_dealshenge
D:3:      layout_basic, serial_shops, shop, ebering_ghost_sewer_d,
          cheibrodos_sewer_entry_bend
D:4:      nicolae_BIG_FREAKIN_CUBE, layout_basic,
          gammafunk_temple_overflow_elements, uniq_blork_the_orc, uniq_sigmund
D:5:      layout_loops_ring, blue_anna_alchemist, corexii_shack,
          amcnicky_mini_corridor_feature
D:6:      layout_basic, minmay_temple_entry_arrows, uniq_crazy_yiuf_cottage
D:7:      layout_loops_cross, tgw_sif, serial_shops, shop,
          nicolae_shop_tiny_statue_garden, nicolae_shop_window_shopping, shop,
          uniq_menkaure
D:8:      gammafunk_wand_slinger, layout_basic
D:9:      layout_rooms
Temple:   compressed_dpeg_triangle_lava_temple

Skill      XL: |  1  2  3  4  5  6  7  8  9 10 |
---------------+-------------------------------+-----
Polearms       | 3 4 5 6 7 8 9 10 | 10.6
Throwing       | 1 2 3 4 5 6 |  6.6
Evocations     | 1 2 3 4 5 |  5.0
Fighting       | 4 5 7 8 |  8.0
Armour         | 3 4 5 |  5.6
Invocations    | 1 4 5 |  5.7
Shields        | |  3.0

Action                     |  1- 3 |  4- 6 |  7- 9 | 10-12 || total
---------------------------+-------+-------+-------+-------++-------
  Melee: Trident           |   120 |   135 |   472 |   283 ||  1010
         Tailslap          |       |     4 |       |       ||     4
  Throw: Javelin           |       |       |     2 |       ||     2
 Invoke: Convert to Beogh  |       |       |     1 |       ||     1
  Evoke: Wand              |       |       |       |     1 ||     1
    Use: Scroll            |     7 |     1 |     9 |     3 ||    20
         Potion            |       |     1 |     3 |     6 ||    10
 Armour: Scale mail        |    69 |    77 |   136 |       ||   282
         Chain mail        |       |       |   172 |   222 ||   394
  Dodge: Dodged            |    23 |    54 |   110 |   117 ||   304
  Block: Buckler           |    19 |    26 |    67 |    66 ||   178

Table legend: (Time is in decaauts)
 A = Elapsed time spent in this place.
 B = Non-inter-level travel time spent in this place.
 C = Inter-level travel time spent in this place.
 D = Time resting spent in this place.
 E = Time spent auto-exploring this place.
 F = Levels seen in this place.
 G = Mean time per level.
                   A        B        C        D        E       F      G
               +--------+--------+--------+--------+--------+-----+--------+
         Total |   9661 |   9042 |    619 |   1211 |   5906 |  11 |  878.3 |
       Dungeon |   9411 |   8792 |    619 |   1155 |   5823 |   9 | 1045.7 |
        Temple |      1 |      1 |      0 |      0 |      0 |   1 |    1.0 |
         Sewer |    248 |    248 |      0 |     56 |     82 |   1 |  248.0 |
               +--------+--------+--------+--------+--------+-----+--------+

Top non-repeatable levels by time:
     D:4: 1537 daAuts
     D:5: 1231 daAuts
     D:9: 1182 daAuts
     D:3: 1150 daAuts
     D:6: 1117 daAuts
     D:8: 942 daAuts
     D:7: 820 daAuts
     D:1: 780 daAuts
     D:2: 647 daAuts
   Sewer: 248 daAuts
  Temple: 1 daAuts
